 Dungeon Crawl Stone Soup version 0.24-a0-434-gd57e52fea8 (webtiles) character file.

Game seed: 13256662635779593611

8 Ilgrip the Vexing (level 2, 21/21 HPs)
             Began as a Demonspawn Arcane Marksman on June 16, 2019.
             Quit the game on level 1 of the Dungeon.
             The game lasted 00:00:09 (76 turns).

Ilgrip the Vexing (Demonspawn Arcane Marksman)        Turns: 76, Time: 00:00:09

Health: 21/21      AC:  4    Str: 10    XL:     2   Next: 0%
Magic:  3/3        EV: 12    Int: 14    God:
Gold:   14         SH:  0    Dex: 13    Spells: 2/3 levels left

rFire    . . .     SeeInvis .   a - +0 hunting sling
rCold    . . .     Gourm    .   (no shield)
rNeg     . . .     Faith    .   e - +0 robe
rPois    .         Spirit   .   (no helmet)
rElec    .         Reflect  .   (no cloak)
rCorr    .         Harm     .   (no gloves)
MR       .....                  (no boots)
Stlth    +.........             (no amulet)
HPRegen  0.07/turn              (no ring)
MPRegen  0.08/turn              (no ring)

@: no status effects
A: slimy green scales 1
a: no special abilities


You were on level 1 of the Dungeon.
You were not hungry.

You visited 1 branch of the dungeon, and saw 1 of its levels.

You collected 14 gold pieces.

Inventory:

Hand Weapons
 a - a +0 hunting sling (weapon)
Missiles
 b - 4 stones
 d - 6 sling bullets (quivered)
Armour
 e - a +0 robe (worn)
Comestibles
 f - a ration


   Skills:
 + Level 1.0 Fighting
 + Level 2.0 Slings
 + Level 1.9 Dodging
 + Level 1.0 Spellcasting
 + Level 3.2 Hexes


You had 2 spell levels left.
You knew the following spells:

 Your Spells              Type           Power        Failure   Level  Hunger
a - Corona                Hex            #......      7%          1    ##.....

Your spell library contained the following spells:

 Spells                   Type           Power        Failure   Level  Hunger
 Slow                     Hex            #.......     11%         2    ###....
 Inner Flame              Hex/Fire       #.......     38%         3    ####...
 Portal Projectile        Hex/Tloc       #.....       38%         3    ####...
 Cause Fear               Hex            #.........   56%         4    #####..
 Leda's Liquefaction      Hex/Erth       #.........   80%         4    #####..


Dungeon Overview and Level Annotations

Branches:
Dungeon (1/15)

Altars:


Innate Abilities, Weirdness & Mutations

You are partially covered in slimy green scales. (AC +2)


Message History

d - 8 sling bullets (gained 1)
Things that are here:
a +0 club; a hobgoblin corpse A bat comes into view.
A bat is nearby!
Firing (i - inventory. (/) - cycle)
d - 8 sling bullets (quivered)
Press: ? - help, Shift-Dir - straight line, f - bat
Aim: a bat You shoot a sling bullet.
The sling bullet hits the bat.
The bat is moderately wounded.
A bat is nearby!
Firing (i - inventory. (/) - cycle)
d - 7 sling bullets (quivered)
Press: ? - help, Shift-Dir - straight line, f/p - bat
Aim: a bat You shoot a sling bullet.
The sling bullet hits the bat!
You kill the bat!
You have reached level 2!
Your demonic ancestry asserts itself...
Slimy green scales grow over part of your body.
Are you sure you want to abandon this character and quit the game? (Confirm with "yes".)

.## >... ..# ########(##
#......(..##(#
#............... #.........##
.. ######†........## ##.. .
#.........@....+..#..#####.
#.####.........###..#.....#
#.# #...(.....##..#.......
#.# #.........#..#....<...
#.# #......((.#...#.......
###.##############.#..#.....#
#..........†........#..#####.
##################.###....[..
#####.#####.....


There were no monsters in sight!

Vanquished Creatures
  A giant cockroach (D:1)
  A goblin (D:1)
  2 hobgoblins (D:1)
  A kobold (D:1)
  A bat (D:1)
  A rat (D:1)
7 creatures vanquished.

Notes
Turn   | Place    | Note
-------+----------+-------------------------------------------
     0 | D:1      | Ilgrip the Demonspawn Arcane Marksman began the quest for
                  | the Orb.
     0 | D:1      | Reached XP level 1. HP: 15/15 MP: 2/2
    75 | D:1      | Gained mutation: You are partially covered in slimy green
                  | scales. (AC +2) [demonic ancestry]
    75 | D:1      | Reached XP level 2. HP: 21/21 MP: 3/3
    76 | D:1      | Quit the game

Levels and vault maps discovered:
D:1:      scummos_arrival_hexagon, layout_basic

Skill      XL: |  1 |
---------------+----+-----
Slings         | 2 |  2.0
Fighting       | |  1.0
Dodging        | |  1.9
Spellcasting   | |  1.0
Hexes          | |  3.2

Action                   || total
-------------------------++-------
 Fire: Hunting sling     ||    20
Dodge: Dodged            ||     4

Table legend:
 A = Non-vault XP
 B = Vault XP
 C = Vault XP percentage of total XP
 D = Non-vault monster count
 E = Vault monster count
 F = Vault count percentage of total count
                 A         B        C        D         E       F
            +---------+---------+-------+---------+---------+-------
      Total |      12 |       0 |   0.0 |       7 |       0 |   0.0
            +---------+---------+-------+---------+---------+-------
        D:1 |      12 |       0 |   0.0 |       7 |       0 |   0.0
            +---------+---------+-------+---------+---------+-------
